 Dungeon Crawl Stone Soup version 0.19.5 (webtiles) character file.

998 NullDivider the Covert (level 8, -17/46 HPs)
             Began as an Octopode Earth Elementalist on May 11, 2017.
             Demolished by an ogre
             ... wielding a +0 giant club
              (24 damage)
             ... on level 4 of the Dungeon.
             The game lasted 00:48:16 (6623 turns).

NullDivider the Covert (OpEE)                       Turns: 6623, Time: 00:48:17

Health: -17/46     AC:  1    Str:  8    XL:     8   Next: 19%
Magic:  1/11       EV: 15    Int: 19    God:
Gold:   130        SH:  0    Dex: 12    Spells: 2 memorised, 7 levels left

rFire  . . .     SeeInvis +     l - +1 dagger (elec)
rCold  . . .     Gourm    .     (no shield)
rNeg   . . .     Faith    .     (helmet restricted)
rPois  .         Spirit   .     (no amulet)
rElec  .         Reflect  .     s - ring of see invisible
rCorr  .         Harm     .     (no ring)
MR     .....                    (no ring)
Stlth  +++++.....               (no ring)
                                (no ring)
                                (no ring)
                                (no ring)
                                (no ring)

@: very slightly contaminated
A: almost no armour, stealthy swim, amphibious, 8 rings, constrict 8, camouflage
1, gelatinous body 1
a: no special abilities


You were on level 4 of the Dungeon.
You were not hungry.

You visited 1 branch of the dungeon, and saw 5 of its levels.

You collected 130 gold pieces.

Inventory:

Hand Weapons
 l - a +1 dagger of electrocution (weapon)
Missiles
 b - 257 stones (quivered)
Jewellery
 s - a ring of see invisible (left tentacle)
Wands
 q - a wand of lightning (4/15)
Scrolls
 e - a scroll of immolation
 h - 2 scrolls of amnesia
 o - a scroll of teleportation {unknown}
 t - a scroll of magic mapping {unknown}
 v - a scroll of identify
 x - a scroll of recharging {unknown}
 y - a scroll of remove curse
Potions
 a - 3 potions of cure mutation
 i - 3 potions of flight
 m - a potion of berserk rage {unknown}
 n - a potion of might {unknown}
 p - a potion of cancellation {unknown}
 r - 2 potions of lignification
 u - a potion of brilliance {unknown}
 w - a potion of degeneration {unknown}
Books
 d - a book of Geomancy

   Spells                             Type                      Level
   a - Sandblast                      Earth                        1
   b - Passwall                       Transmutation/Earth          2
   c - Stone Arrow                    Conjuration/Earth            3
   d - Petrify                        Transmutation/Earth          4
   e - Lee's Rapid Deconstruction     Earth                        5
 k - a book of Cantrips

   Spells                             Type                      Level
   a - Confusing Touch                Hexes                        1
   b - Animate Skeleton               Necromancy                   1
   c - Summon Small Mammal            Summoning                    1
   d - Apportation                    Translocation                1
Comestibles
 c - 2 bread rations
 f - 3 beef jerkies
 j - a fruit


   Skills:
 + Level 3.6 Short Blades
 + Level 4.3 Dodging
 * Level 8.8 Stealth
 - Level 2.0 Spellcasting
   Level 1.0 Transmutations
 + Level 5.3 Earth Magic


You had 7 spell levels left.
You knew the following spells:

 Your Spells              Type           Power        Failure   Level  Hunger
a - Sandblast             Erth           ###...       1%          1    #......
b - Stone Arrow           Conj/Erth      ##....       17%         3    ###....


Dungeon Overview and Level Annotations

Branches:
Dungeon (5/15)
 Temple: D:4-7

Altars:
Ashenzari
Dithmenos
Gozag
Makhleb
Trog
Vehumet


Innate Abilities, Weirdness & Mutations

You cannot wear most types of armour.
You are very stealthy in the water. (Stealth+)
You are amphibious.
You can wear up to eight rings at the same time.
You can use your tentacles to constrict eight enemies at once.
Your skin changes colour to match your surroundings (Stealth+).
Your rubbery body absorbs attacks. (AC +1, EV +1)


Message History

The ogre closely misses you.
Casting: Stone Arrow
Confirm with . or Enter, or press ? or * to list all spells.
Aiming: Stone Arrow
Press: ? - help, Shift-Dir - straight line, f/p - ogre
Aim: an ogre, wielding a giant club (moderately wounded)
The stone arrow misses the ogre.
The ogre completely misses you. The ogre hits you with a giant club.
* * * LOW HITPOINT WARNING * * *
Casting: Stone Arrow
Confirm with . or Enter, or press ? or * to list all spells.
Aiming: Stone Arrow
Press: ? - help, Shift-Dir - straight line, f/p - ogre
Aim: an ogre, wielding a giant club (lightly wounded)
The stone arrow hits the ogre.
The ogre is heavily wounded.
The ogre hits you with a giant club!!
Ouch! That really hurt!
You die...

#..## #...# ####.##.. ....##
#.### #....##.# .....## #.#
#.##.##.# ....).## #.# #.##.##.#
..รท....# #.# #######.##.##.#
.......#######.####.............#
....................##....##.....
......)#######.#.#####.##########
.<...#.# #)#@# #.# ....##.##
#.#O#####.#
.#......######.#.....>.##########
.#####......##.#..###............
.# #..#.........# #.####.......
.#####..#......#..###.# #>######
...................##.####.#
........#...............##.###
######..............###......#


You could see an ogre.

Vanquished Creatures
  Grinder (D:4)
  2 ogres
  A centaur (D:5)
  A scorpion (D:5)
  2 crimson imps (D:5)
  2 hounds
  An orc priest (D:4)
  6 worker ants
  Robin (D:4)
  A worker ant zombie (D:5)
  6 adders
  An ooze (D:3)
  An adder skeleton (D:4)
  5 worms
  3 dart slugs (D:1)
  3 leopard geckos
  6 orcs
  7 bats
  A bat skeleton (D:2)
  4 giant cockroaches
  14 goblins
  11 hobgoblins
  6 jackals
  5 kobolds
  2 quokkas
  6 frilled lizards
  A leopard gecko skeleton (D:4)
  10 rats
110 creatures vanquished.

Vanquished Creatures (others)
  A kobold (D:3)
1 creature vanquished.

Grand Total: 111 creatures vanquished

Notes
Turn   | Place    | Note
-------+----------+-------------------------------------------
     0 | D:1      | NullDivider the Octopode Earth Elementalist began the quest for the Orb.
     0 | D:1      | Reached XP level 1. HP: 11/11 MP: 3/3
   428 | D:1      | Reached skill level 3 in Stealth
   466 | D:1      | Reached XP level 2. HP: 17/17 MP: 5/5
  1358 | D:1      | Reached XP level 3. HP: 21/21 MP: 6/6
  1542 | D:1      | Reached skill level 4 in Stealth
  2651 | D:2      | Reached XP level 4. HP: 27/27 MP: 7/7
  2907 | D:2      | Found a shadowy altar of Dithmenos.
  2977 | D:2      | Found a burning altar of Makhleb.
  2982 | D:2      | Found an opulent altar of Gozag.
  3258 | D:2      | Noticed a moth of wrath
  3262 | D:2      | Found a bloodstained altar of Trog.
  3425 | D:2      | Reached skill level 1 in Short Blades
  3530 | D:2      | Learned a level 3 spell: Stone Arrow
  3683 | D:3      | Reached skill level 5 in Stealth
  3839 | D:3      | Reached XP level 5. HP: 31/31 MP: 1/8
  4241 | D:3      | Found a shattered altar of Ashenzari.
  4491 | D:3      | Found a radiant altar of Vehumet.
  4493 | D:3      | Noticed an ogre
  4514 | D:3      | Killed an ogre
  4514 | D:3      | Reached XP level 6. HP: 36/36 MP: 1/9
  4762 | D:3      | Reached skill level 6 in Stealth
  5107 | D:4      | Noticed Robin
  5124 | D:4      | Killed Robin
  5669 | D:4      | Reached XP level 7. HP: 36/41 MP: 10/10
  5719 | D:4      | Reached skill level 7 in Stealth
  5753 | D:4      | Noticed Grinder
  5756 | D:4      | Paralysed by Grinder for 7 turns
  5767 | D:4      | Killed Grinder
  5767 | D:4      | Reached skill level 5 in Earth Magic
  6188 | D:5      | Entered Level 5 of the Dungeon
  6233 | D:5      | Reached skill level 8 in Stealth
  6306 | D:5      | Reached XP level 8. HP: 17/46 MP: 7/11
  6623 | D:4      | Demolished by an ogre

Skill      XL: |  1  2  3  4  5  6  7 |
---------------+----------------------+-----
Stealth        | 3 4 5 6 8 |  8.8
Short Blades   | 1 2 3 |  3.6
Earth Magic    | 4 5 |  5.3
Dodging        | 3 4 |  4.3
Spellcasting   | |  2.0
Transmutations | |  1.0

Action                   |  1- 3 |  4- 6 |  7- 9 || total
-------------------------+-------+-------+-------++-------
Melee: Unarmed           |    51 |       |       ||    51
       Constrict         |    16 |    22 |     8 ||    46
       Tentacles         |     9 |    11 |    13 ||    33
       Dagger            |    10 |    96 |    51 ||   157
 Cast: Sandblast         |    31 |    16 |       ||    47
       Stone Arrow       |       |    14 |     9 ||    23
  Use: Scroll            |       |     5 |     1 ||     6
       Potion            |       |       |     1 ||     1
 Stab: Sleeping          |    10 |    17 |     4 ||    31
       Distracted        |     1 |       |       ||     1
  Eat: Chunk             |     2 |    11 |       ||    13
       Bread ration      |     1 |       |       ||     1
       Meat ration       |       |       |     1 ||     1
Armor: Skin              |     9 |     1 |     1 ||    11
Dodge: Dodged            |    52 |    44 |    33 ||   129
